 Dungeon Crawl Stone Soup version 0.28.0-49-g6dfe1f597d (webtiles) character file.

Game seed: 11337309075889577074

7541 CryoSword the Cruncher (level 11, -8/106 HPs)
             Began as a Ghoul Cinder Acolyte on May 14, 2022.
             Was a Believer of Ignis.
             Mangled by a komodo dragon (25 damage)
             ... on level 11 of the Dungeon.
             The game lasted 00:23:31 (10855 turns).

CryoSword the Cruncher (Ghoul Cinder Acolyte)      Turns: 10855, Time: 00:23:32

Health: -8/106     AC:  8    Str: 19    XL:     11   Next: 16%
Magic:  11/11      EV: 12    Int: 11    God:    Ignis [**....]
Gold:   182        SH:  0    Dex:  6    Spells: 12/12 levels left

rFire   + . .      SeeInvis .   k - +2 flail (protect)
rCold   + + +      Faith    .   (no shield)
rNeg    + + +      Spirit   .   G - +0 steam dragon scales
rPois   ∞          Reflect  .   e - +0 helmet
rElec   .          Harm     .   (no cloak)
rCorr   .          Rampage  .   d - +0 pair of gloves
Will    .....                   (no boots)
Stlth   +++.......              l - amulet of Vitality {Regen+ HP+15}
HPRegen 0.00/turn               D - ring of protection from cold
MPRegen 0.12/turn               v - ring of protection from cold

@: inhibited regen
A: claws 1, cold resistance 1, negative energy resistance 3, inhibited
regeneration, torment resistance 2
a: Renounce Religion, Fiery Armour, Foxfire Swarm, Rising Flame


You were on level 11 of the Dungeon.
You worshipped Ignis.
Ignis was pleased with you.
You visited 2 branches of the dungeon, and saw 12 of its levels.
You also visited: Sewer.

You collected 518 gold pieces.
You spent 336 gold pieces at shops.

Inventory:

Hand Weapons
 b - a +2 vampiric whip
   (You found it on level 10 of the Dungeon)
 g - a +0 quarterstaff
   (You found it on level 4 of the Dungeon)
 k - a +2 flail of protection (weapon)
   (You took it off an orc on level 5 of the Dungeon)
Missiles
 a - 28 poisoned darts (quivered)
 y - 3 boomerangs
Armour
 d - a +0 pair of gloves (worn)
   (You found it on level 1 of the Dungeon)
 e - a +0 helmet (worn)
   (You took it off Robin on level 2 of the Dungeon)
 G - +0 steam dragon scales (worn)
   (You found it on level 9 of the Dungeon)
Jewellery
 l - the amulet of Vitality (around neck) {Regen+ HP+15}
   (You found it on level 2 of the Dungeon)

   [amulet of regeneration]

   HP:        It affects your health (+15).
   Regen:     It increases your rate of health regeneration.
 q - a ring of flight
   (You found it on level 5 of the Dungeon)
 v - a ring of protection from cold (right hand)
   (You took it off an orc priest on level 6 of the Dungeon)
 w - the ring of Upahyug {rF- rN+ Int+6 Dex+4}
   (You found it on level 6 of the Dungeon)

   [ring of positive energy]

   Int:       It affects your intelligence (+6).
   Dex:       It affects your dexterity (+4).
   rF:        It makes you vulnerable to fire.
   rN:        It protects you from negative energy.
 D - a ring of protection from cold (left hand)
   (You found it on level 8 of the Dungeon)
Wands
 x - a wand of iceblast (5)
   (You found it on level 6 of the Dungeon)
 B - a wand of flame (11)
   (You found it on level 8 of the Dungeon)
Scrolls
 c - 4 scrolls of magic mapping
 f - 7 scrolls of teleportation {@r4}
 h - a scroll of enchant weapon {unknown}
 i - 3 scrolls of fog
 j - 3 scrolls of blinking
 m - a scroll of summoning
 r - 2 scrolls of vulnerability {unknown}
 t - a scroll of torment {unknown}
 F - a scroll of fear {unknown}
Potions
 n - a potion of ambrosia
 o - a potion of might
 p - a potion of haste {unknown}
 s - 3 potions of brilliance
 u - 3 potions of curing {@q1}
 z - a potion of magic {unknown}
 A - a potion of mutation {unknown}
Miscellaneous
 C - a phantom mirror
   (You found it on level 10 of the Dungeon)


   Skills:
 + Level 6.6 Fighting
 * Level 1.6(7.0) Maces & Flails
 - Level 10.9 Staves
 + Level 4.5 Armour
 + Level 4.5 Dodging
 + Level 5.9 Stealth
 - Level 5.0 Unarmed Combat
 - Level 1.0 Spellcasting
 - Level 2.4 Fire Magic
 + Level 4.0 Evocations


You had 12 spell levels left.
You didn't know any spells.
Your spell library contained the following spells:

 Spells                   Type           Power      Damage    Failure   Level
 Scorch                   Fire           10%        2d6       19%         2
 Foxfire                  Conj/Fire      12%        2x1d4     21%         1
 Sandblast                Erth           0%         2d4       32%         1
 Passwall                 Tmut/Erth      0%         N/A       43%         2
 Conjure Flame            Conj/Fire      3%         6-21      52%         3
 Inner Flame              Hex/Fire       3%         N/A       52%         3
 Stone Arrow              Conj/Erth      0%         3d7       67%         3
 Flame Wave               Conj/Fire      3%         2d4       89%         4


Dungeon Overview and Level Annotations

Branches:
Dungeon (11/15)            Temple (1/1) D:6             Orc (0/2) D:9
  Sewer (visited)
   Lair: D:8-11

Altars:
Ashenzari
Cheibriados
Dithmenos
Elyvilon
Fedhas
Gozag
Hepliaklqana
Kikubaaqudgha
Makhleb
Nemelex Xobeh
Okawaru
Qazlal
Ru
Sif Muna
Trog
Uskayaw
Vehumet
Wu Jian
Xom
Yredelemnul
Zin
The Shining One

Shops:
D:6 ?   D:7 !*(

Portals:
Trove: D:10 (give 6 scrolls of blinking)

Annotations:
D:11 Snorg


Innate Abilities, Weirdness & Mutations

You thrive by killing the living.
You are immune to poison.
You have sharp fingernails.
Your flesh is cold resistant. (rC+)
You are immune to negative energy. (rN+++)
You do not regenerate when monsters are visible.
You are immune to unholy pain and torment.


Message History

You hit the centaur warrior zombie but do no damage.
The centaur warrior zombie hits you.
The centaur warrior zombie kicks you but does no damage.
The centaur warrior zombie hits you but does no damage.
The centaur warrior zombie kicks you but does no damage.
You sock the centaur warrior zombie!
The centaur warrior zombie hits you but does no damage.
The centaur warrior zombie kicks you but does no damage.
You thump the centaur warrior zombie! The centaur warrior zombie hits you.
The centaur warrior zombie misses you.
You sock the centaur warrior zombie!
You destroy the centaur warrior zombie!
No target in view!
A killer bee comes into view.
Found 12 gold pieces.
The killer bee buzzes angrily.
You hear an angry buzzing noise.
You hear an angry hiss.
A killer bee is nearby!
A killer bee is nearby!
A killer bee is nearby!
Snorg the Insatiable comes into view.
Snorg moves out of view.
The killer bee barely misses you.
The killer bee stings you but does no damage.
The killer bee stings you. The killer bee barely misses you.
You hit the killer bee.
Your weapon exudes an aura of protection.
The killer bee stings you but does no damage.
The killer bee misses you.
You completely miss the killer bee. The killer bee misses you. x2
You barely miss the killer bee. The killer bee barely misses you.
The killer bee closely misses you.
You sock the killer bee!
Your weapon exudes an aura of protection.
You kill the killer bee!
Your Evocations skill increases to level 4!
A killer bee comes into view.
The killer bee buzzes angrily.
You hear an angry hiss.
A killer bee comes into view.
A centaur warrior zombie comes into view.
A killer bee comes into view.
The killer bee stings you. The killer bee stings you.
The killer bee stings you.
The killer bee stings you but does no damage.
You barely miss the killer bee. The killer bee closely misses you.
The killer bee barely misses you.
You closely miss the killer bee. Your punch misses the killer bee.
The killer bee stings you but does no damage.
The killer bee barely misses you.
You closely miss the killer bee. The killer bee barely misses you.
The killer bee closely misses you.
You miss the killer bee. The killer bee misses you.
The killer bee closely misses you. The killer bee misses you.
You closely miss the killer bee. The killer bee closely misses you.
The killer bee stings you but does no damage.
You miss the killer bee.
The killer bee stings you but does no damage. x2
You miss the killer bee. The killer bee stings you.
The killer bee stings you but does no damage.
You miss the killer bee. The killer bee barely misses you.
The killer bee stings you.
You closely miss the killer bee.
The killer bee stings you but does no damage.
The killer bee stings you.
You hit the killer bee.
Your weapon exudes an aura of protection.
The killer bee stings you but does no damage.
The killer bee barely misses you.
You miss the killer bee.
The killer bee stings you but does no damage.
The killer bee stings you.
You miss the killer bee. The killer bee barely misses you.
The killer bee stings you but does no damage.
You miss the killer bee. The killer bee stings you.
The killer bee barely misses you. The killer bee closely misses you.
You hit the killer bee.
Your weapon exudes an aura of protection.
The killer bee stings you but does no damage.
The killer bee misses you.
You sock the killer bee!
You kill the killer bee!
You feel better.
Found a stone staircase leading down.
A komodo dragon comes into view.
The komodo dragon hisses angrily.
You hear a bellow!
A komodo dragon is nearby!
A komodo dragon is nearby!
Throw: 35 darts (poison)
Aim: a komodo dragon (64% to hit)
You throw a poisoned dart.
The poisoned dart barely misses the komodo dragon.
A yak comes into view.
Throw: 34 darts (poison)
Aim: a komodo dragon (64% to hit)
You throw a poisoned dart.
The poisoned dart barely misses the komodo dragon.
Throw: 33 darts (poison)
Aim: a komodo dragon (64% to hit)
You throw a poisoned dart.
The poisoned dart barely misses the komodo dragon.
The poisoned dart hits the centaur warrior zombie.
Throw: 32 darts (poison)
Aim: a komodo dragon (64% to hit)
You throw a poisoned dart.
The poisoned dart hits the komodo dragon.
The komodo dragon is poisoned.
The komodo dragon bites you but does no damage.
You closely miss the komodo dragon. The komodo dragon barely misses you.
You hit the komodo dragon but do no damage.
Your weapon exudes an aura of protection.
The komodo dragon closely misses you.
You hit the komodo dragon. The komodo dragon bites you!
You sock the komodo dragon!
The komodo dragon bites you but does no damage.
You closely miss the komodo dragon. The komodo dragon bites you!!
The komodo dragon barely misses you.
You hit the komodo dragon.
The komodo dragon bites you but does no damage.
You barely miss the komodo dragon.
The komodo dragon looks more healthy.
The komodo dragon barely misses you.
You barely miss the komodo dragon. The komodo dragon bites you!
Throw: 31 darts (poison)
Aim: a komodo dragon (heavily wounded, 64% to hit)
You throw a poisoned dart.
The poisoned dart hits the komodo dragon.
The komodo dragon is poisoned.
The komodo dragon bites you but does no damage.
You closely miss the komodo dragon.
The komodo dragon looks more healthy.
The komodo dragon bites you!
* * * LOW HITPOINT WARNING * * *
Throw: 30 darts (poison)
Aim: a komodo dragon (severely wounded, 64% to hit)
You throw a poisoned dart.
The poisoned dart barely misses the komodo dragon.
The poisoned dart barely misses the yak.
The poisoned dart hits the centaur warrior zombie.
The komodo dragon bites you!
* * * LOW HITPOINT WARNING * * *
Throw: 29 darts (poison)
Aim: a komodo dragon (severely wounded, 64% to hit)
You throw a poisoned dart.
The poisoned dart barely misses the komodo dragon.
The poisoned dart barely misses the yak.
The poisoned dart hits the centaur warrior zombie.
The komodo dragon bites you!!
* * * LOW HITPOINT WARNING * * *
You feel better. The komodo dragon bites you!!
You die...

###############
#............<#
#.#############
#.#...@.# ########
#.#.###l# ..Z.Z..#
#...# #Y#
######.##########Z#
... #.((....Z....#
... ##############
...> .... #.


You could see a komodo dragon, a yak and a centaur warrior zombie.

Vanquished Creatures
  A two-headed ogre (D:9)
  Psyche (D:10)
  A troll (D:9)
  10 yaks
  A wraith (D:10)
  A wyvern (D:9)
  Grum (D:9)
  2 steam dragons
  2 water moccasins (D:11)
  2 black bears
  A sky beast (D:6)
  4 orc warriors
  An ogre (D:7)
  2 necrophages
  2 centaurs
  3 wolves (D:9)
  2 phantoms
  2 kobold brigands
  A gnoll sergeant (D:10)
  3 bullfrogs
  A scorpion (D:6)
  A wyvern zombie (D:7)
  A water moccasin skeleton (D:5)
  2 killer bees (D:11)
  9 wights
  An electric eel (D:7)
  2 centaur zombies
  2 hounds
  2 bullfrog skeletons (D:5)
  A centaur skeleton (D:4)
  3 orc priests
  5 iguanas
  15 orc wizards
  Natasha (thrice) (D:3)
  A killer bee zombie (D:9)
  A hound skeleton (D:5)
  2 howler monkey zombies
  Robin (D:2)
  4 gnolls (D:10)
  15 adders
  A shadow imp (D:6)
  2 white imps
  An ufetubus (D:8)
  3 worms
  3 dart slugs
  29 orcs
  9 endoplasms
  12 giant cockroaches
  11 goblins
  8 hobgoblins
  16 kobolds
  10 quokkas
  14 ball pythons
  4 bats
  5 frilled lizards
  5 rats
248 creatures vanquished.

Vanquished Creatures (others)
  An orc wizard (D:7)
  30 fungi (D:11)
  34 plants (D:11)
65 creatures vanquished.

Grand Total: 313 creatures vanquished

Notes
Turn   | Place    | Note
-------+----------+-------------------------------------------
     0 | D:1      | CryoSword the Ghoul Cinder Acolyte began the quest for the
                  | Orb.
     0 | D:1      | Reached XP level 1. HP: 19/19 MP: 1/1
   325 | D:1      | Reached XP level 2. HP: 26/26 MP: 2/2
   528 | D:1      | Reached skill level 1 in Stealth
   825 | D:2      | Reached XP level 3. HP: 20/31 MP: 3/3
  1000 | D:2      | Found a faded altar of an unknown god.
  1004 | D:2      | Found the amulet of Vitality {Regen+ HP+15}
  1044 | D:2      | Reached skill level 1 in Armour
  1075 | D:2      | Reached skill level 1 in Dodging
  1081 | D:2      | Reached XP level 4. HP: 28/40 MP: 4/4
  1136 | D:2      | Noticed Robin
  1163 | D:1      | HP: 1/40 [goblin/+0 dagger[Robin] (6)]
  1281 | D:2      | Killed Robin
  1810 | D:3      | Noticed Natasha
  1812 | D:3      | Killed Natasha
  1813 | D:3      | Reached XP level 5. HP: 46/46 MP: 5/5
  1864 | D:3      | Noticed Natasha
  1867 | D:3      | Killed Natasha
  1878 | D:3      | Found Foborchus's Jewellery Shop.
  1885 | D:3      | Noticed Natasha
  1888 | D:3      | Killed Natasha
  2088 | D:3      | Noticed a phantom
  2098 | D:3      | Killed a phantom
  2099 | D:3      | Reached skill level 5 in Unarmed Combat
  2099 | D:3      | Reached XP level 6. HP: 45/52 MP: 6/6
  2586 | D:4      | Reached skill level 1 in Staves
  2663 | D:4      | Found a glowing drain.
  2682 | D:4      | Reached skill level 2 in Staves
  2689 | Sewer    | Entered a sewer
  2912 | Sewer    | Reached XP level 7. HP: 59/59 MP: 7/7
  2977 | Sewer    | Reached skill level 3 in Staves
  3030 | Sewer    | Reached skill level 4 in Staves
  3551 | D:5      | Entered Level 5 of the Dungeon
  3675 | D:5      | Reached skill level 5 in Staves
  4198 | D:5      | Found a shimmering altar of Xom.
  4201 | D:5      | Found a shadowy altar of Dithmenos.
  4201 | D:5      | Found a hazy altar of Hepliaklqana.
  4203 | D:5      | Found a snail-covered altar of Cheibriados.
  4203 | D:5      | Found a shimmering altar of Xom.
  4203 | D:5      | Found a blossoming altar of Fedhas.
  4221 | D:5      | Reached XP level 8. HP: 54/66 MP: 8/8
  4520 | D:6      | Reached skill level 6 in Staves
  4612 | D:6      | Found a broken altar of Ashenzari.
  4903 | D:6      | Reached skill level 7 in Staves
  4961 | D:6      | Identified the ring of Upahyug {rF- rN+ Int+6 Dex+4}
  5007 | D:6      | Found a staircase to the Ecumenical Temple.
  5016 | Temple   | Entered the Ecumenical Temple
  5288 | D:6      | Found Imuteoro's Magic Scroll Shop.
  5293 | D:6      | Bought a scroll of fog for 20 gold pieces
  5293 | D:6      | Bought a scroll of blinking for 75 gold pieces
  5293 | D:6      | Bought a scroll of identify for 20 gold pieces
  5293 | D:6      | Bought 2 scrolls of magic mapping for 70 gold pieces
  5293 | D:6      | Bought a scroll of silence for 75 gold pieces
  5293 | D:6      | Bought a scroll of teleportation for 30 gold pieces
  5499 | D:7      | Found a hide-covered altar of Uskayaw.
  5512 | D:7      | Found a burning altar of Makhleb.
  5581 | D:7      | Reached skill level 8 in Staves
  5678 | D:7      | Reached XP level 9. HP: 71/71 MP: 9/9
  5713 | D:7      | Found a blossoming altar of Fedhas.
  5780 | D:7      | Found a shadowy altar of Dithmenos.
  5795 | D:7      | Reached skill level 9 in Staves
  5889 | D:7      | Found Cailecr Koci's Antique Weapon Shoppe.
  5972 | D:7      | Found Zouxzo Uddo's General Store.
  5974 | D:7      | Found Ofoi's Distillery.
  5983 | D:7      | Bought a potion of curing for 36 gold pieces
  5988 | D:7      | Bought a potion of degeneration for 10 gold pieces
  6003 | D:7      | Found a stormy altar of Qazlal.
  6922 | D:8      | Reached skill level 1 in Evocations
  7745 | D:9      | Noticed a two-headed ogre
  7847 | D:9      | Noticed a troll
  7986 | D:9      | Killed a two-headed ogre
  7987 | D:9      | Reached skill level 5 in Fighting
  7987 | D:9      | Reached skill level 10 in Staves
  7987 | D:9      | Reached XP level 10. HP: 79/81 MP: 10/10
  8153 | D:9      | HP: 4/96 [troll (4)]
  8271 | D:9      | Noticed Grum
  8288 | D:9      | Killed Grum
  8330 | D:9      | Found a staircase to the Orcish Mines.
  8457 | D:10     | Entered Level 10 of the Dungeon
  9155 | D:10     | Reached skill level 5 in Stealth
  9609 | D:10     | Noticed Psyche
  9613 | D:10     | Killed Psyche
  9791 | D:9      | Reached XP level 11. HP: 35/90 MP: 11/11
  9958 | D:10     | Found a basalt altar of Yredelemnul.
  9969 | D:10     | Found a portal to a secret trove of treasure.
 10613 | D:11     | Reached skill level 1 in Maces & Flails
 10615 | D:11     | Noticed a boulder beetle
 10740 | D:11     | Noticed Snorg
 10855 | D:11     | Mangled by a komodo dragon

Illustrated notes

Levels and vault maps discovered:
D:1:      amcnicky_arrival_gap_in_the_tavern_cellar, layout_basic
D:2:      layout_loops_cross, shapermc_ecumenical_altar_ellora,
          guppyfry_early_lair_pool, uniq_robin
D:3:      layout_basic, serial_shops, nicolae_shop_window_shopping, uniq_natasha
D:4:      layout_loops_ring, gup_sewer_entry_glass, grunt_decor_arrowhead
D:5:      layout_loops_ring, doesnt_xom_only_xom
D:6:      layout_basic, ashenzari_conservatory_becter, lemuel_temple_firewalk_b,
          serial_shops, shop
D:7:      layout_loops_cross, grunt_temple_overflow_forces_of_nature,
          nicolae_dithmenos_shadow_blocks, mainiacjoe_overflow_brackets,
          nicolae_uskayaw_murder_on_the_dancefloor,
          amcnicky_mini_corridor_feature, nicolae_wooded_promenade,
          minmay_a_box_with_orc_wizards_in_it
D:8:      layout_loops_ring, mainiacjoe_overflow_small_starburst,
          minmay_large_rounded_square
D:9:      layout_roguey, orc_0_dummy, uniq_grum
D:10:     layout_loops_ring, lemuel_crystal_altar, enter_trove_1, uniq_psyche
D:11:     layout_basic, due_lair_maze_entry_diamond, serial_shops,
          nicolae_shop_statue_plus, uniq_snorg
Temple:   nicolae_temple_figure_eight

Skill      XL: |  1  2  3  4  5  6  7  8  9 10 11 |
---------------+----------------------------------+-----
Stealth        | 1 2 4 5 |  5.9
Armour         | 1 3 4 |  4.5
Dodging        | 1 3 4 |  4.5
Unarmed Combat | 4 5 |  5.0
Fighting       | 4 5 6 |  6.6
Staves         | 2 5 8 10 | 10.9
Evocations     | 2 3 4 |  4.0
Maces & Flails | 1 |  1.6
Spellcasting   | |  1.0
Fire Magic     | |  2.4

Action                   |  1- 3 |  4- 6 |  7- 9 | 10-12 || total
-------------------------+-------+-------+-------+-------++-------
Melee: Unarmed           |   103 |   216 |   187 |       ||   506
       Punch             |     3 |     6 |     5 |     2 ||    16
       Quarterstaff      |       |       |   308 |   256 ||   564
       Flail             |       |       |       |    67 ||    67
       Whip              |       |       |       |     9 ||     9
Throw: Dart              |       |       |     1 |    26 ||    27
Invok: Fiery Armour      |       |     1 |     4 |     5 ||    10
Evoke: Wand              |       |     3 |       |    16 ||    19
  Use: Potion            |       |     3 |       |     1 ||     4
       Scroll            |       |     4 |     2 |     1 ||     7
 Stab: Sleeping          |     1 |       |     1 |     1 ||     3
Armor: Robe              |    22 |    17 |       |       ||    39
       Leather armour    |       |    28 |    29 |       ||    57
       Ring mail         |       |       |   163 |       ||   163
       Steam dragon scal |       |       |       |   118 ||   118
Dodge: Dodged            |    50 |   145 |   266 |   200 ||   661
